 Dungeon Crawl Stone Soup version bcrawl-1.27.5 (webtiles) character file.

Game seed: 9004009009944846132

330018 Faustar the Basher (level 10, 0/94 HPs)
             Began as a Sand Dwarf Sloth Apostle on Sept 2, 2020.
             Was a High Priest of Cheibriados.
             Slain by a red ugly thing (8 damage)
             ... on level 9 of the Dungeon.
             The game lasted 00:21:05 (7665 turns).

Faustar the Basher (Sand Dwarf Sloth Apostle)       Turns: 7665, Time: 00:21:05

Health: 0/94       AC: 16    Str: 31    XL:     10   Next: 57%
Magic:  11/11      EV: 11    Int: 26    God:    Cheibriados [*****.]
Gold:   334        SH:  0    Dex: 22    Spells: 10/11 levels left

rFire    . . .     SeeInvis .   w - +3 flail
rCold    . . .     Gourm    .   (shield restricted)
rNeg     . . .     Faith    .   B - +0 chain mail
rPois    .         Spirit   .   Q - +1 hat
rElec    .         Reflect  .   (no cloak)
rCorr    +         Harm     .   x - +0 pair of gloves
MR       +....                  E - +1 pair of boots
Stlth    ..........             H - amulet of the acrobat
HPRegen  0.25/turn              J - +2 ring of protection
MPRegen  0.12/turn              y - ring of resist corrosion

@: very slow
A: small, slowness 1, armour attunement
a: Bend Time, Temporal Distortion, Slouch, Step From Time, Renounce Religion


You were on level 9 of the Dungeon.
You worshipped Cheibriados.
Cheibriados was extremely pleased with you.
You were hungry.

You visited 2 branches of the dungeon, and saw 10 of its levels.

You collected 392 gold pieces.
You spent 58 gold pieces at shops.

Inventory:

Hand Weapons
 w - a +3 flail (weapon)
Missiles
 N - 4 throwing nets {=f}
Armour
 c - a +0 medium shield
 x - a +0 pair of gloves (worn)
 B - a +0 chain mail (worn)
 E - a +1 pair of boots (worn)
 Q - a +1 hat (worn)
Jewellery
 j - an uncursed ring of wizardry
 y - a ring of resist corrosion (right hand)
 H - an amulet of the acrobat (around neck)
 J - a +2 ring of protection (left hand)
 O - an uncursed amulet of the gourmand
Wands
 d - a wand of paralysis (5)
 C - a wand of flame (19)
 D - a wand of polymorph (2)
 F - a wand of digging (6)
Scrolls
 g - 7 scrolls of identify
 h - 3 scrolls of enchant armour
 i - 2 scrolls of enchant weapon {unknown}
 k - 7 scrolls of teleportation
 p - a scroll of blinking
 s - 7 scrolls of remove curse
 t - 4 scrolls of immolation {unknown}
 u - 2 scrolls of amnesia {unknown}
 I - a scroll of fog {unknown}
Potions
 l - 4 potions of heal wounds
 n - 6 potions of flight
 o - 2 potions of brilliance
 r - 2 potions of might
 v - 2 potions of invisibility
 z - 4 potions of curing
 A - a potion of agility
 G - 2 potions of mutation {unknown}
 K - a potion of berserk rage {unknown}
 L - a potion of magic {unknown}
 M - a potion of ambrosia {unknown}
Comestibles
 e - 20 rations {!d}


   Skills:
 - Level 10.9 Fighting
 + Level 13.6 Maces & Flails
 - Level 6.0 Armour
 - Level 2.4 Stealth
 * Level 5.9 Shields
 - Level 1.0 Spellcasting
 - Level 0.7 Hexes
 - Level 1.3 Evocations


You had 10 spell levels left.
You knew the following spells:

 Your Spells              Type           Power        Failure   Level  Hunger
a - Slow                  Hex            #.......     9%          1    None
Your spell library was empty.

Dungeon Overview and Level Annotations

Branches:
Dungeon (9/12)             Temple (1/1) D:7
   Lair: D:7-9          Orc: D:8-11

Altars:
Kikubaaqudgha
Okawaru
Ru
Sif Muna
Wu Jian
Xom

Shops:
D:5 [   D:6 (


Innate Abilities, Weirdness & Mutations

You are small and have problems with some larger weapons.
You cover ground slowly.
Armour does not affect your spellcasting.


Message History

The red ugly thing barely misses you.
You closely miss the red ugly thing.
The red ugly thing is moderately wounded.
The red ugly thing claws you.
You are engulfed in flames!
You sock the red ugly thing!
The red ugly thing is heavily wounded.
You hit the red ugly thing.
The red ugly thing is heavily wounded.
The red ugly thing closely misses you.
You closely miss the red ugly thing.
The red ugly thing is heavily wounded.
The red ugly thing closely misses you.
You hit the red ugly thing.
The red ugly thing is severely wounded.
The red ugly thing claws you!
You are engulfed in flames!!
* * * LOW HITPOINT WARNING * * *
You bludgeon the red ugly thing!!
The red ugly thing is almost dead.
You fail to use your ability.
The red ugly thing claws you!
You die...

.................# #...
.................# #...
.................# #...
.................# #...
^................# #...
.................# #...
.................#############...
.................................
################@##############..
#u# ### #ll# ##... ..## ... #...
...# ###.


You could see a red ugly thing, a basilisk and a wyvern.

Vanquished Creatures
  A centaur zombie (D:9)
  A troll (D:8)
  A hornet (D:8)
  A hippogriff (D:8)
  A wyvern (D:9)
  5 yaks (D:9)
  Eustachio (D:4)
  2 hungry ghosts
  An acid dragon (D:9)
  2 orc warriors
  A black bear (D:9)
  A sky beast (D:8)
  2 phantoms
  2 necrophages
  2 ogres
  3 centaurs
  2 bullfrogs
  A big kobold (D:8)
  5 scorpions
  3 killer bees
  An electric eel (D:7)
  8 crimson imps
  2 howler monkeys (D:8)
  A bullfrog zombie (D:5)
  3 hounds
  A jelly (D:8)
  2 orc wizards
  3 iguanas
  Natasha (thrice) (D:3 D:4)
  3 worker ants
  A hound skeleton (D:7)
  7 gnolls
  7 adders
  2 shadow imps
  An ooze (D:1)
  3 worms
  6 leopard geckos
  11 orcs
  7 bats
  A giant cockroach (D:2)
  5 goblins
  10 hobgoblins
  5 jackals
  11 kobolds
  3 quokkas
  3 frilled lizards
  A jackal skeleton (D:5)
  A jackal zombie (D:5)
  2 rats
  A plant (D:7)
153 creatures vanquished.

Vanquished Creatures (others)
  A plant (D:7)
1 creature vanquished.

Grand Total: 154 creatures vanquished

Notes
Turn   | Place    | Note
-------+----------+-------------------------------------------
     0 | D:1      | Faustar the Sand Dwarf Sloth Apostle began the quest for
                  | the Orb.
     0 | D:1      | Reached XP level 1. HP: 18/18 MP: 2/2
   152 | D:1      | Reached skill level 1 in Armour
   168 | D:1      | Reached XP level 2. HP: 23/25 MP: 3/3
   521 | D:1      | Reached XP level 3. HP: 7/30 MP: 4/4
   710 | D:1      | Reached * piety under Cheibriados
  1163 | D:2      | Found an iron altar of Okawaru.
  1163 | D:2      | Found a shimmering altar of Xom.
  1882 | D:3      | Reached ** piety under Cheibriados
  1882 | D:3      | Reached skill level 4 in Maces & Flails
  1882 | D:3      | Reached XP level 4. HP: 38/38 MP: 5/5
  1934 | D:3      | Noticed Natasha
  1943 | D:3      | Killed Natasha
  2114 | D:3      | Noticed Natasha
  2301 | D:3      | Killed Natasha
  2301 | D:3      | Reached XP level 5. HP: 27/46 MP: 6/6
  2864 | D:3      | Reached skill level 5 in Maces & Flails
  3034 | D:3      | Reached XP level 6. HP: 20/52 MP: 7/7
  3136 | D:3      | Reached skill level 5 in Armour
  3214 | D:4      | Noticed Natasha
  3294 | D:4      | Reached XP level 7. HP: 60/60 MP: 8/8
  3357 | D:4      | Killed Natasha
  3378 | D:4      | Reached skill level 5 in Fighting
  3378 | D:4      | Reached skill level 6 in Maces & Flails
  3383 | D:4      | Noticed Eustachio
  3408 | D:4      | Killed Eustachio
  3714 | D:5      | Entered Level 5 of the Dungeon
  3735 | D:4      | Reached skill level 7 in Maces & Flails
  3771 | D:5      | Reached XP level 8. HP: 43/70 MP: 9/9
  3965 | D:5      | Reached skill level 8 in Maces & Flails
  4016 | D:5      | Reached *** piety under Cheibriados
  4062 | D:5      | Found Jyniossu's Armour Emporium.
  4065 | D:5      | Bought a +0 pair of gloves for 58 gold pieces
  4485 | D:6      | Reached skill level 9 in Maces & Flails
  4737 | D:6      | Found Piofox's Weapon Emporium.
  5168 | D:7      | Found a staircase to the Ecumenical Temple.
  5175 | Temple   | Entered the Ecumenical Temple
  5266 | D:7      | Reached skill level 10 in Maces & Flails
  5275 | D:7      | Reached XP level 9. HP: 69/81 MP: 10/10
  5310 | D:7      | Found an ancient bone altar of Kikubaaqudgha.
  5361 | D:7      | Found a shimmering blue altar of Sif Muna.
  6057 | D:8      | Reached skill level 11 in Maces & Flails
  6087 | D:8      | Reached **** piety under Cheibriados
  6097 | D:8      | Noticed a hornet
  6116 | D:8      | Killed a hornet
  6141 | D:8      | Reached skill level 10 in Fighting
  6381 | D:8      | Reached skill level 12 in Maces & Flails
  6597 | D:8      | Noticed a troll
  6611 | D:8      | Killed a troll
  6694 | D:8      | Reached XP level 10. HP: 91/93 MP: 11/11
  7099 | D:9      | Reached ***** piety under Cheibriados
  7164 | D:9      | Reached skill level 13 in Maces & Flails
  7287 | D:9      | Reached skill level 5 in Shields
  7638 | D:9      | Noticed a red ugly thing
  7665 | D:9      | Slain by a red ugly thing

Skill      XL: |  1  2  3  4  5  6  7  8  9 10 |
---------------+-------------------------------+-----
Armour         | 1 2 3 4 5 6 |  6.0
Fighting       | 3 4 6 8 10 | 10.9
Maces & Flails | 4 5 7 10 12 13 | 13.6
Shields        | 5 |  5.9
Stealth        | |  2.4
Spellcasting   | |  1.0
Hexes          | |  0.7
Evocations     | |  1.3

Action                   |  1- 3 |  4- 6 |  7- 9 | 10-12 || total
-------------------------+-------+-------+-------+-------++-------
Melee: Mace              |   121 |    92 |       |       ||   213
       Flail             |       |    25 |   275 |   107 ||   407
Evoke: Wand              |     1 |     1 |     4 |     3 ||     9
  Use: Scroll            |       |     1 |    12 |     4 ||    17
 Stab: Sleeping          |     2 |       |       |       ||     2
       Paralysed         |     1 |     4 |     2 |       ||     7
  Eat: Chunk             |     5 |     6 |    12 |     3 ||    26
       Ration            |       |       |     1 |       ||     1
Armor: Robe              |    17 |       |       |       ||    17
       Scale mail        |    26 |    37 |     1 |       ||    64
       Chain mail        |       |       |   150 |    37 ||   187
Dodge: Dodged            |    90 |    68 |   215 |    62 ||   435
